 Dungeon Crawl Stone Soup version 0.29.1-15-g9cfb28693d (webtiles) character file.

Game seed: 17558571558630943600

27 Barneous the Chucker (level 3, -2/24 HPs)
             Began as a Human Wanderer on Mar 20, 2023.
             Slain by an adder (3 damage)
             ... on level 2 of the Dungeon.
             The game lasted 00:05:24 (1897 turns).

Barneous the Chucker (Human Wanderer)               Turns: 1897, Time: 00:05:26

Health: -2/24      AC:  2    Str: 12    XL:     3   Next: 25%
Magic:  4/4        EV: 11    Int: 16    God:
Gold:   35         SH:  0    Dex: 10    Spells: 0/4 levels left

rFire   . . .      SeeInvis .   a - +0 dagger (vorpal)
rCold   . . .      Faith    .   (no shield)
rNeg    . . .      Spirit   .   g - +0 robe {Will+}
rPois   .          Reflect  .   (no helmet)
rElec   .          Harm     .   (no cloak)
rCorr   .          Rampage  .   (no gloves)
Will    +....                   (no boots)
Stlth   +.........              (no amulet)
HPRegen 0.08/turn               (no ring)
MPRegen 0.09/turn               (no ring)

@: lethally poisoned (-2 -> -9), about to teleport
A: no striking features
a: no special abilities


You were on level 2 of the Dungeon.
You visited 1 branch of the dungeon, and saw 2 of its levels.

You collected 35 gold pieces.

Inventory:

Hand Weapons
 a - a +0 vorpal dagger (weapon)
Missiles
 b - a curare-tipped dart
Armour
 g - a +0 robe of willpower (worn)
Jewellery
 k - an amulet of guardian spirit
Wands
 c - a wand of polymorph (4)
Scrolls
 e - 2 scrolls of immolation
Potions
 d - a potion of brilliance
 f - a potion of heal wounds {unknown}
 h - a potion of lignification {unknown}
 i - a potion of curing {unknown}
 j - a potion of berserk rage {unknown}


   Skills:
 + Level 0.1 Fighting
 + Level 0.2 Short Blades
 + Level 2.5 Throwing
 + Level 1.0 Dodging
 + Level 1.2 Stealth
 + Level 1.1 Spellcasting
 + Level 0.2 Conjurations
 + Level 2.4 Fire Magic
 + Level 1.0 Invocations
 + Level 2.2 Evocations


You couldn't memorise any spells.
You knew the following spells:

 Your Spells              Type           Power      Damage    Failure   Level
a - Foxfire               Conj/Fire      20%        2x1d5     13%         1
b - Conjure Flame         Conj/Fire      5%         6-21      36%         3

Your spell library contained the following spells:

 Spells                   Type           Power      Damage    Failure   Level
 Inner Flame              Hex/Fire       4%         N/A       38%         3
 Ignite Poison            Fire/Tmut/Pois 3%         N/A       43%         3
 Flame Wave               Conj/Fire      5%         2d5       78%         4
 Borgnjor's Revivificati  Necr           0%         N/A       100%        8
 Necromutation            Tmut/Necr      0%         N/A       100%        8
 Death's Door             Necr           0%         N/A       100%        9


Dungeon Overview and Level Annotations

Branches:
Dungeon (2/15)

Altars:


Message History

The adder closely misses you.
You miss the adder.
The kobold shouts!
The adder barely misses you.
You closely miss the adder. The adder barely misses you.
The adder closely misses you. The adder attacks as you move away!
The adder barely misses you. The adder attacks as you move away!
The adder bites you.
Unknown command.
You barely miss the adder. The adder closely misses you.
The adder barely misses you.
You hit the adder.
The adder is heavily wounded.
The adder bites you.
You are poisoned.
The adder poisons you! The adder bites you.
You closely miss the adder.
The adder is heavily wounded.
You feel sick. The adder bites you. The adder barely misses you.
The adder bites you.
You hit the adder.
The adder is almost dead.
You feel sick. The adder closely misses you.
The adder bites you but does no damage. The adder misses you.
You barely miss the adder.
The adder is almost dead.
You feel sick. The adder bites you.
* * * LOW HITPOINT WARNING * * *
You are lethally poisoned!
The adder poisons you! The adder bites you.
* * * LOW HITPOINT WARNING * * *
Okay, then.
As you read the scroll of teleportation, it crumbles to dust.
You feel strangely unstable.
* * * LOW HITPOINT WARNING * * *
You feel very sick. The adder bites you.
* * * LOW HITPOINT WARNING * * *
The adder bites you.
You die...

#####...######.#.#..>.....
#...........##.....##.##..
...(......................
#...........####.#.###.#..
##.#...#.### #.#.###.#..
#.#...#.# #.......†.#
#.#...#.# #.##.##.###
#.#...#S# #.##.##....
####....KS@# #.......###
#......####### ###...#.###
.......##### #.#......
..###..#.!.# #<..#.##. .
#..K.....#.# #####.###
.#.<.....# #....
#.#......## #####
..........# #.##.#.[.#.#


You could see 2 adders and a kobold.

Vanquished Creatures
  A dart slug (D:1)
  A bat (D:2)
  4 endoplasms
  2 giant cockroaches (D:1)
  4 hobgoblins
  5 kobolds (D:1)
  2 ball pythons (D:1)
  3 rats (D:1)
22 creatures vanquished.

Vanquished Creatures (others)
  36 foxfires
36 creatures vanquished.

Grand Total: 58 creatures vanquished

Notes
Turn   | Place    | Note
-------+----------+-------------------------------------------
     0 | D:1      | Barneous the Human Wanderer began the quest for the Orb.
     0 | D:1      | Barneous set off with the following items: a +0 vorpal
                  | dagger, 3 curare-tipped darts, a wand of polymorph (4), a
                  | potion of brilliance, a +0 robe; and the following spell
                  | memorised: Foxfire; and the following spells available to
                  | memorise: Ignite Poison.
     0 | D:1      | Reached XP level 1. HP: 13/13 MP: 2/2
     6 | D:1      | Noticed a swamp worm
     6 | D:1      | Noticed a salamander
     6 | D:1      | Noticed a hog
     7 | D:1      | Noticed an iguana
     7 | D:1      | Noticed a polar bear
   456 | D:1      | Reached XP level 2. HP: 19/19 MP: 3/3
  1351 | D:1      | Reached XP level 3. HP: 24/24 MP: 1/4
  1606 | D:1      | Learned a level 3 spell: Conjure Flame
  1897 | D:2      | HP: 1/24 [adder (2)]
  1897 | D:2      | Slain by an adder

Illustrated notes

Levels and vault maps discovered:
D:1:      onia_arrival_zoo_common, layout_rooms
D:2:      layout_loops_cross, minmay_close_crescents

Action                   || total
-------------------------++-------
Melee: Dagger            ||    45
Throw: Dart              ||     2
 Cast: Foxfire           ||    22
  Use: Scroll            ||     3
Armor: Robe              ||     6
Dodge: Dodged            ||    23
